 Dungeon Crawl Stone Soup version 0.28-a0-556-gab23d0e057 (webtiles) character file.

Game seed: 13751955544448471242

1561 miscthings the Poker (level 8, -12/67 HPs)
             Began as a Gnoll Cinder Acolyte on Sept 29, 2021.
             Was an Elder of Ignis.
             Mangled by an orc warrior (20 damage)
             ... on level 6 of the Dungeon.
             The game lasted 00:13:21 (6965 turns).

miscthings the Poker (Gnoll Cinder Acolyte)         Turns: 6965, Time: 00:13:22

Health: -12/67     AC:  4    Str: 15    XL:     8   Next: 89%
Magic:  15/15      EV: 13    Int: 14    God:    Ignis [****..]
Gold:   249        SH:  5    Dex: 14    Spells: 16/16 levels left

rFire   + . .      SeeInvis .   G - +2 whip (drain)
rCold   + . .      Faith    .   l - +0 buckler
rNeg    + . .      Spirit   .   b - +0 robe
rPois   .          Reflect  .   r - +0 helmet
rElec   .          Harm     .   (no cloak)
rCorr   .          Rampage  .   (no gloves)
Will    .....                   p - +0 pair of boots
Stlth   ++........              (no amulet)
HPRegen 0.21/turn               w - +6 ring of dexterity
MPRegen 0.14/turn               A - ring of Golle {rC+ rN+}

@: no status effects
A: fangs 1, strong nose, distributed training
a: Renounce Religion, Sea of Fire, Foxfire Swarm, Rising Flame


You were on level 6 of the Dungeon.
You worshipped Ignis.
Ignis was greatly pleased with you.
You visited 1 branch of the dungeon, and saw 6 of its levels.

You collected 249 gold pieces.

Inventory:

Hand Weapons
 a - a -1 spear of flaming
 q - a +0 mace of protection
 G - a +2 whip of draining (weapon)
Missiles
 B - 5 javelins
 D - 2 silver boomerangs (quivered)
Armour
 b - a +0 robe (worn)
 e - +0 gold dragon scales
 l - a +0 buckler (worn)
 p - a +0 pair of boots (worn)
 r - a +0 helmet (worn)
Jewellery
 g - a ring of magical power
 w - a +6 ring of dexterity (left hand)
 z - a +6 ring of intelligence
 A - the ring of Golle (right hand) {rC+ rN+}
   (You took it off an orc on level 5 of the Dungeon)

   [ring of protection from cold]

   rC:        It protects you from cold.
   rN:        It protects you from negative energy.
Wands
 m - a wand of polymorph (8)
 v - a wand of iceblast (10)
 y - a wand of flame (17)
Scrolls
 h - 2 scrolls of blinking
 i - a scroll of fear {unknown}
 j - 2 scrolls of identify {unknown}
 k - a scroll of teleportation
 o - a scroll of magic mapping {unknown}
 s - a scroll of enchant weapon {unknown}
 t - a scroll of acquirement {unknown}
 u - 2 scrolls of immolation {unknown}
 F - a scroll of vulnerability {unknown}
Potions
 c - a potion of flight {unknown}
 d - a potion of brilliance {unknown}
 f - 2 potions of curing
 n - a potion of degeneration {unknown}
 x - a potion of cancellation {unknown}
 C - a potion of lignification {unknown}
 E - a potion of magic {unknown}


   Skills:
 + Level 7.5 Fighting
 + Level 3.6 Short Blades
 + Level 3.6 Long Blades
 + Level 3.6 Axes
 + Level 3.6 Maces & Flails
 + Level 7.5 Polearms
 + Level 3.6 Staves
 + Level 3.6 Slings
 + Level 3.6 Bows
 + Level 3.6 Crossbows
 + Level 3.6 Throwing
 + Level 3.6 Armour
 + Level 3.6 Dodging
 + Level 3.6 Stealth
 + Level 3.6 Shields
 + Level 3.6 Unarmed Combat
 + Level 4.6 Spellcasting
 + Level 3.0 Conjurations
 + Level 3.0 Hexes
 + Level 3.0 Summonings
 + Level 3.0 Necromancy
 + Level 3.0 Translocations
 + Level 3.0 Transmutations
 + Level 6.3 Fire Magic
 + Level 3.0 Ice Magic
 + Level 3.0 Air Magic
 + Level 3.0 Earth Magic
 + Level 3.0 Poison Magic
 + Level 4.0 Invocations
 + Level 3.6 Evocations


You had 16 spell levels left.
You didn't know any spells.
Your spell library contained the following spells:

 Spells                   Type           Power      Damage    Failure   Level
 Scorch                   Fire           40%        2d7       2%          2
 Freeze                   Ice            44%        1d6       5%          1
 Slow                     Hex            11%        N/A       9%          2
 Confusing Touch          Hex            11%        N/A       16%         3
 Frozen Ramparts          Ice            22%        1d4       16%         3
 Vampiric Draining        Necr           5%         2d6       16%         3
 Hailstorm                Conj/Ice       11%        3d5       47%         4


Dungeon Overview and Level Annotations

Branches:
Dungeon (6/15)
 Temple: D:4-7

Altars:
Yredelemnul
Zin

Annotations:
D:3 3 runed translucent doors, MikuNakano's ghost, amateur OgBe


Innate Abilities, Weirdness & Mutations

You have very sharp teeth.
Your uncanny sense of smell can sniff out nearby items.
Your experience applies equally to all skills.


Message History

You block the bullfrog's attack. The bullfrog hits you.
The orc warrior hits you but does no damage.
The orc priest hits you but does no damage.
You hit the orc priest. You drain the orc priest.
Your bite misses the orc priest.
The orc priest is almost dead.
The bullfrog closely misses you.
An orc comes into view. It is wielding a +0 short sword.
The orc warrior hits you from afar with a +0 glaive!!
You block the orc priest's attack.
The orc shouts!
You hit the orc priest.
You kill the orc priest!
You hear a shout!
The bullfrog hits you but does no damage.
The orc warrior closely misses you.
The bullfrog hits you but does no damage.
You barely miss the bullfrog.
The bullfrog is heavily wounded.
The bullfrog barely misses you.
The orc warrior hits you from afar with a +0 glaive!
* * * LOW HITPOINT WARNING * * *
The bullfrog closely misses you. The bullfrog completely misses you.
The bullfrog misses you. The bullfrog hits you.
* * * LOW HITPOINT WARNING * * *
You block the bullfrog's attack. The bullfrog barely misses you.
The bullfrog barely misses you.
The bullfrog seems less drained.
The bullfrog barely misses you. The bullfrog hits you.
* * * LOW HITPOINT WARNING * * *
There is a stone staircase leading up here.
The bullfrog hits you.
* * * LOW HITPOINT WARNING * * *
The bullfrog closely misses you.
The orc warrior hits you from afar with a +0 glaive!!
You die...

####.#.#.#.#.#.#.#.#.#(#.#.#.#(..
......#.#.#.#.#.#.#.#.#.#.#.#....
.....#.#.#.#.#.#.#.#.#.#.#.#.#...
.[...+#.#.#.#.#.#.#.#.#.#.#.#....
.....#.#.#.#.#.#.#.#.#.#.#.#.#...
......#.#.#.#.#.#.#.#.#^#.#.#.#.#
.###.#.#.#.#.#.#.#.#.#.#.#.#.#.##
## ##.#.#.#.#.#.#.#.#.#.#.#.#.#.#
#.#.#.#.#.#.#@#.#.#.#.#.#.#.##
##.#.#.#.#.#F#.#.#.#.#.#.#.#.#
#.#.#.#.#.#o#.#.#.#.#.#.#.#.##
#####.#.#.#.#o#.#.#.#.#.#...#.#.#
.....#.#.#.#.#.#.#.#.#.#....+#...
...##.#.#.#.#.#.#.#.#.#.#...#....
...#.#.#.#.#.#.#.#.#.#.#.....#...
....#.#.#.#.....#.#.#.#.#.#.#....
o###.#.#.#.#...#.#.#.#.#.#.#.#.##


You could see an orc warrior, a bullfrog and an orc.

Vanquished Creatures
  Menkaure (D:6)
  2 ice beasts
  2 ogres
  2 centaurs (D:5)
  A kobold brigand (D:5)
  A bullfrog (D:4)
  2 scorpions
  2 centaur zombies (D:5)
  3 orc priests
  4 hounds (D:5)
  2 jellies
  An iguana (D:5)
  An orc wizard (D:4)
  A hound zombie (D:3)
  A hound skeleton (D:4)
  Robin (D:3)
  5 gnolls
  7 adders
  An adder zombie (D:3)
  2 worms (D:5)
  4 dart slugs
  10 orcs
  4 endoplasms
  2 giant cockroaches
  10 hobgoblins
  10 jackals
  5 quokkas
  6 ball pythons
  A ball python zombie (D:3)
  8 bats
  3 frilled lizards
  17 goblins
  8 kobolds
  5 rats
135 creatures vanquished.

Vanquished Creatures (others)
  A giant cockroach (D:1)
  A kobold (D:1)
  30 foxfires
32 creatures vanquished.

Grand Total: 167 creatures vanquished

Notes
Turn   | Place    | Note
-------+----------+-------------------------------------------
     0 | D:1      | miscthings the Gnoll Cinder Acolyte began the quest for the
                  | Orb.
     0 | D:1      | Reached XP level 1. HP: 23/23 MP: 4/4
   308 | D:1      | Reached XP level 2. HP: 21/29 MP: 5/5
   824 | D:1      | Found a faded altar of an unknown god.
  1088 | D:2      | Reached XP level 3. HP: 35/35 MP: 7/7
  1184 | D:2      | Reached skill level 1 in Invocations
  1290 | D:2      | Reached skill level 1 in Short Blades
  1290 | D:2      | Reached skill level 1 in Long Blades
  1290 | D:2      | Reached skill level 1 in Axes
  1290 | D:2      | Reached skill level 1 in Maces & Flails
  1290 | D:2      | Reached skill level 1 in Staves
  1290 | D:2      | Reached skill level 1 in Slings
  1290 | D:2      | Reached skill level 1 in Bows
  1290 | D:2      | Reached skill level 1 in Crossbows
  1290 | D:2      | Reached skill level 1 in Throwing
  1290 | D:2      | Reached skill level 1 in Armour
  1290 | D:2      | Reached skill level 1 in Dodging
  1290 | D:2      | Reached skill level 1 in Stealth
  1290 | D:2      | Reached skill level 1 in Shields
  1290 | D:2      | Reached skill level 1 in Unarmed Combat
  1290 | D:2      | Reached skill level 1 in Evocations
  1415 | D:2      | Reached XP level 4. HP: 40/41 MP: 8/8
  1658 | D:3      | Noticed Robin
  1717 | D:3      | Killed Robin
  1718 | D:3      | Reached skill level 1 in Conjurations
  1718 | D:3      | Reached skill level 1 in Hexes
  1718 | D:3      | Reached skill level 1 in Summonings
  1718 | D:3      | Reached skill level 1 in Necromancy
  1718 | D:3      | Reached skill level 1 in Translocations
  1718 | D:3      | Reached skill level 1 in Transmutations
  1718 | D:3      | Reached skill level 1 in Ice Magic
  1718 | D:3      | Reached skill level 1 in Air Magic
  1718 | D:3      | Reached skill level 1 in Earth Magic
  1718 | D:3      | Reached skill level 1 in Poison Magic
  2153 | D:3      | Reached XP level 5. HP: 39/47 MP: 9/9
  2702 | D:3      | Found a runed translucent gate.
  2702 | D:3      | Found a runed translucent gate.
  2702 | D:3      | Found a runed translucent gate.
  2702 | D:3      | Noticed MikuNakano's ghost (amateur OgBe)
  2704 | D:3      | Found a basalt altar of Yredelemnul.
  3083 | D:4      | Reached XP level 6. HP: 18/53 MP: 10/10
  4281 | D:4      | Reached XP level 7. HP: 35/60 MP: 12/12
  4737 | D:4      | Found a glowing silver altar of Zin.
  4788 | D:5      | Entered Level 5 of the Dungeon
  4944 | D:5      | Identified the ring of Golle {rC+ rN+}
  5171 | D:5      | Reached XP level 8. HP: 42/67 MP: 14/14
  6310 | D:6      | Noticed Menkaure
  6315 | D:6      | Killed Menkaure
  6965 | D:6      | Mangled by an orc warrior

Illustrated notes

Levels and vault maps discovered:
D:1:      wander_arrival_estate, layout_rooms,
          ebering_ecumenical_altar_abandoned, lemuel_flame_loot_1
D:2:      layout_rooms
D:3:      layout_basic, nicolae_yredelemnul_ghost_church, uniq_robin
D:4:      layout_basic, zin_treasury, minmay_goblin_outpost
D:5:      layout_rooms, hangedman_decor_riveting, minmay_starry_boxes
D:6:      layout_basic, uniq_menkaure

Skill      XL: |  1  2  3  4  5  6  7  8 |
---------------+-------------------------+-----
Invocations    | 1 2 3 4 |  4.0
Short Blades   | 1 2 3 |  3.6
Long Blades    | 1 2 3 |  3.6
Axes           | 1 2 3 |  3.6
Maces & Flails | 1 2 3 |  3.6
Staves         | 1 2 3 |  3.6
Slings         | 1 2 3 |  3.6
Bows           | 1 2 3 |  3.6
Crossbows      | 1 2 3 |  3.6
Throwing       | 1 2 3 |  3.6
Armour         | 1 2 3 |  3.6
Dodging        | 1 2 3 |  3.6
Stealth        | 1 2 3 |  3.6
Shields        | 1 2 3 |  3.6
Unarmed Combat | 1 2 3 |  3.6
Evocations     | 1 2 3 |  3.6
Spellcasting   | 3 4 |  4.6
Conjurations   | 1 2 3 |  3.0
Hexes          | 1 2 3 |  3.0
Summonings     | 1 2 3 |  3.0
Necromancy     | 1 2 3 |  3.0
Translocations | 1 2 3 |  3.0
Transmutations | 1 2 3 |  3.0
Ice Magic      | 1 2 3 |  3.0
Air Magic      | 1 2 3 |  3.0
Earth Magic    | 1 2 3 |  3.0
Poison Magic   | 1 2 3 |  3.0
Fighting       | 7 |  7.5
Polearms       | 7 |  7.5
Fire Magic     | 6 |  6.3

Action                   |  1- 3 |  4- 6 |  7- 9 || total
-------------------------+-------+-------+-------++-------
Melee: Spear             |   141 |   317 |   208 ||   666
       Bite              |     7 |    23 |    23 ||    53
       Mace              |       |     4 |       ||     4
       Whip              |       |       |    22 ||    22
Throw: Javelin           |       |       |    29 ||    29
       Boomerang         |       |       |     1 ||     1
Invok: Foxfire Swarm     |       |     1 |     1 ||     2
       Sea of Fire       |       |     1 |       ||     1
  Use: Scroll            |       |       |     4 ||     4
       Potion            |       |       |     3 ||     3
 Stab: Sleeping          |     2 |     2 |     2 ||     6
       Distracted        |       |       |     4 ||     4
Armor: Robe              |    26 |    51 |    35 ||   112
       Gold dragon scale |       |    13 |       ||    13
Dodge: Dodged            |    54 |   140 |   119 ||   313
Block: Buckler           |     7 |    21 |    42 ||    70

Table legend: (Time is in decaauts)
 A = Elapsed time spent in this place.
 B = Non-inter-level travel time spent in this place.
 C = Inter-level travel time spent in this place.
 D = Time resting spent in this place.
 E = Time spent auto-exploring this place.
 F = Levels seen in this place.
 G = Mean time per level.
                   A        B        C        D        E       F      G
               +--------+--------+--------+--------+--------+-----+--------+
         Total |   6834 |   6665 |    169 |   2789 |   2484 |   6 | 1139.0 |
       Dungeon |   6834 |   6665 |    169 |   2789 |   2484 |   6 | 1139.0 |
               +--------+--------+--------+--------+--------+-----+--------+

Top non-repeatable levels by time:
     D:4: 1722 daAuts
     D:5: 1626 daAuts
     D:3: 1384 daAuts
     D:1: 1066 daAuts
     D:2: 520 daAuts
     D:6: 513 daAuts
